 Dungeon Crawl Stone Soup version 0.17.0-28-g6e173f8 (webtiles) character file.

226 gorblad the Covert (level 6, -6/42 HPs)
             Began as an Octopode Assassin on Nov 30, 2015.
             Killed by divine providence
             ... invoked by an orc priest
              (15 damage)
             ... on level 4 of the Dungeon.
             The game lasted 00:08:22 (2025 turns).

gorblad the Covert (Octopode Assassin)              Turns: 2025, Time: 00:08:22

Health: -6/42      AC:  1    Str: 10      XL:     6   Next: 1%
Magic:  6/6        EV:  7    Int: 13      God:
Gold:   79         SH:  0    Dex: 15 (16) Spells: 0 memorised, 5 levels left

rFire  . . .     SeeInvis .     a - +3 dagger
rCold  . . .     Clarity  .     (no shield)
rNeg   . . .     SustAt   .     (helmet restricted)
rPois  .         Gourm    .     (no amulet)
rElec  .         Spirit   .     (no ring)
rCorr  .         Warding  .     (no ring)
rMut   .         Stasis   .     (no ring)
MR     .....                    (no ring)
Stlth  ++++++....               (no ring)
                                (no ring)
                                (no ring)
                                (no ring)

@: not resistant to hostile enchantments, very stealthy
A: almost no armour, amphibious, 8 rings, constrict 8, camouflage 1, gelatinous
body 1
a: no special abilities


You were on level 4 of the Dungeon.
You were not hungry.

You visited 1 branch of the dungeon, and saw 4 of its levels.

You collected 79 gold pieces.

Inventory:

Hand Weapons
 a - a +3 dagger (weapon)
 b - a +0 blowgun
Missiles
 c - 17 poisoned needles
 d - 2 curare-tipped needles
Armour
 m - a fire dragon hide
Scrolls
 g - 2 scrolls of enchant armour
 h - 3 scrolls of remove curse
 i - 4 scrolls of identify
 k - a scroll of teleportation
Potions
 j - 2 potions of curing
Comestibles
 e - 5 bread rations
 l - 3 fruits
 p - a slice of pizza


   Skills:
 + Level 3.3 Fighting
 - Level 2.0 Short Blades
 - Level 2.0 Throwing
 - Level 1.0 Dodging
 - Level 9.0 Stealth


You had 5 spell levels left.
You didn't know any spells.

Dungeon Overview and Level Annotations

Branches:
Dungeon (4/15)
 Temple: D:4-7

Altars:
Trog


Innate Abilities, Weirdness & Mutations

You cannot wear most types of armour.
You are amphibious.
You can wear up to eight rings at the same time.
You can use your tentacles to constrict eight enemies at once.
Your skin changes colour to match your surroundings (Stealth).
Your rubbery body absorbs attacks (AC +1).


Message History

The orc priest hits you with a hand axe.
A worker ant comes into view.
The worker ant twitches its antennae in your direction.
You hit the orc priest but do no damage.
The orc priest is severely wounded.
You constrict the orc priest.
The orc priest calls down the wrath of Beogh upon you.
Pain shoots through your body!
* * * LOW HITPOINT WARNING * * *
You release your grip on the orc priest.
Things that are here:
a club; an orc corpse; a jackal corpse The orc hits you but does no damage.
There is a stone staircase leading up here.
You see here a jackal corpse.
You can't go down here!
The orc hits you but does no damage.
The orc priest mumbles some strange prayers to Beogh against you.
Something smites you!
You die...

... .... ...(.
########..... #..
#.......a.... #)...#
#............ #....#
#...o........ #....+
#...ooo......
####....####...@........
##..##........###+#######
#....#........#
#....#........#
##...'........#
##...#........#
#....#........#
##'###........#
#.......#######


You could see a worker ant, an orc priest, an orc wizard and 2 orcs.

Vanquished Creatures
  An orc wizard (D:3)
  Terence (D:2)
  Natasha (D:2)
  8 adders
  2 oozes (D:1)
  A worm (D:2)
  2 giant geckos (D:1)
  4 orcs
  A ball python (D:3)
  5 bats
  4 giant cockroaches
  7 goblins
  8 hobgoblins
  4 jackals
  3 giant newts
  4 kobolds
  3 rats
59 creatures vanquished.

Notes
Turn   | Place    | Note
--------------------------------------------------------------
     0 | D:1      | gorblad the Octopode Assassin began the quest for the Orb.
     0 | D:1      | Reached XP level 1. HP: 14/14 MP: 1/1
    70 | D:1      | Reached XP level 2. HP: 17/19 MP: 2/2
    72 | D:1      | Reached skill level 6 in Stealth
   462 | D:1      | Reached XP level 3. HP: 12/24 MP: 3/3
   582 | D:2      | Reached skill level 7 in Stealth
   799 | D:2      | Noticed Natasha
   803 | D:2      | Reached XP level 4. HP: 29/29 MP: 4/4
   807 | D:2      | Killed Natasha
   807 | D:2      | Reached skill level 8 in Stealth
   931 | D:2      | Noticed Terence
   935 | D:2      | Reached XP level 5. HP: 25/34 MP: 5/5
   941 | D:2      | Killed Terence
  1097 | D:2      | Reached skill level 9 in Stealth
  1317 | D:3      | Found a bloodstained altar of Trog.
  2011 | D:4      | Reached XP level 6. HP: 40/42 MP: 6/6
  2025 | D:4      | Killed from afar by an orc priest

Action                   |  1- 3 |  4- 6 || total
-------------------------+-------+-------++-------
Melee: Dagger            |    42 |    68 ||   110
  Use: Potion            |     5 |       ||     5
       Scroll            |     2 |     9 ||    11
 Stab: Sleeping          |    10 |    12 ||    22
  Eat: Chunk             |       |     3 ||     3
